 Dungeon Crawl Stone Soup version 0.26.0-5-gb5863c6483 (webtiles) character file.

Game seed: 11101173387534125785

1957 Jerry the Basher (level 8, -1/111 HPs)
             Began as a Minotaur Fighter on Jan 10, 2021.
             Was an Initiate of Gozag.
             Slain by an orc
             ... wielding a +0 dagger
              (4 damage)
             ... in the Ecumenical Temple.
             The game lasted 00:14:32 (7029 turns).

Jerry the Basher (Minotaur Fighter)                 Turns: 7029, Time: 00:14:34

Health: -1/111     AC:  9    Str: 22    XL:     8   Next: 99%
Magic:  7/7        EV: 11    Int:  7    God:    Gozag
Gold:   249        SH:  0    Dex:  9    Spells: 7/7 levels left

rFire    + . .     SeeInvis .   A - +4 quarterstaff (chaos)
rCold    . . .     Faith    .   (shield currently unavailable)
rNeg     . . .     Spirit   .   y - +2 leather armour {rF+}
rPois    .         Reflect  .   (helmet restricted)
rElec    .         Harm     .   z - +2 cloak {Stlth+}
rCorr    .         Rampage  .   (no gloves)
Will     .....                  (no boots)
Stlth    ..........             F - amulet of regeneration
HPRegen  0.68/turn              j - ring of wizardry
MPRegen  0.10/turn              (no ring)

@: berserking, gold aura, very quick
A: retaliatory headbutt, horns 2
a: Renounce Religion, Potion Petition, Call Merchant, Bribe Branch


You were in the Ecumenical Temple.
You worshipped Gozag.
Gozag was aware of your devotion.
You visited 2 branches of the dungeon, and saw 8 of its levels.
You also visited: Sewer.

You collected 400 gold pieces.
You paid 151 gold pieces to Gozag.

Inventory:

Hand Weapons
 a - a +0 flail
 x - a +3 vampiric dagger
 A - a +4 quarterstaff of chaos (weapon)
Missiles
 v - 30 poisoned darts (quivered)
Armour
 b - a +0 scale mail
 c - a +0 kite shield
 y - a +2 leather armour of fire resistance (worn)
 z - a +2 cloak of stealth (worn)
Jewellery
 j - a ring of wizardry (left hand)
 l - an uncursed amulet of reflection
 F - an amulet of regeneration (around neck)
Wands
 w - a wand of iceblast (10)
Scrolls
 e - 2 scrolls of magic mapping
 g - 2 scrolls of blinking
 i - 2 scrolls of identify
 p - 2 scrolls of teleportation
 s - a scroll of enchant armour
 t - 3 scrolls of remove curse
Potions
 d - a potion of might
 f - a potion of resistance {unknown}
 k - 2 potions of cancellation
 m - 8 potions of curing {unknown}
 q - 2 potions of flight
 r - 2 potions of heal wounds {unknown}
 C - 2 potions of attraction {unknown}
 E - a potion of haste


   Skills:
 + Level 7.9 Fighting
 * Level 10.1 Maces & Flails
 + Level 7.9 Armour
 - Level 3.6 Shields


You had 7 spell levels left.
You didn't know any spells.
Your spell library contained the following spells:

 Spells                   Type           Power        Failure   Level
 Sandblast                Erth           0%           21%         1
 Passwall                 Tmut/Erth      0%           30%         2
 Stone Arrow              Conj/Erth      0%           50%         3
 Petrify                  Tmut/Erth      0%           87%         4
 Lee's Rapid Deconstruct  Erth           0%           99%         5


Dungeon Overview and Level Annotations

Branches:
Dungeon (7/15)             Temple (1/1) D:7           Sewer (visited)

Altars:
Ashenzari
Cheibriados
Dithmenos
Elyvilon
Fedhas
Gozag
Hepliaklqana
Kikubaaqudgha
Nemelex Xobeh
Okawaru
Qazlal
Ru
Sif Muna
Trog
Uskayaw
Vehumet
Wu Jian
Xom
Yredelemnul
Zin
The Shining One


Innate Abilities, Weirdness & Mutations

You reflexively headbutt those who attack you in melee.
You have a pair of horns on your head.


Message History

* * * LOW HITPOINT WARNING * * *
A red film seems to cover your vision as you go berserk!
You feel yourself moving faster!
You feel mighty! The bullfrog hits you.
* * * LOW HITPOINT WARNING * * *
The orc warrior misses you. The bullfrog barely misses you. The orc misses you.
You furiously retaliate!
You headbutt the orc. You closely miss the orc warrior.
The orc warrior is almost dead.
The bullfrog releases a deep croak.
The bullfrog hits you.
* * * LOW HITPOINT WARNING * * *
You barely miss the orc warrior.
The orc warrior is almost dead.
The orc warrior completely misses you. You furiously retaliate!
You headbutt the orc warrior!!
You kill the orc warrior!
The bullfrog hits you but does no damage.
The orc hits you with a +0 dagger.
You die...
Your body crumbles into a pile of gold.

###.......###
##.....⌠.....##
##.............#
##.....##.##.....
##......#...#.....
##........._.......
#........#...#.....
##.F......##.##.....
#.o@................
##.$$...##.##.##.##..
#.......#...#.#...#..
#........._....._....
##.......#...#.#...#..
#........##.##.##.##..
#.....................
#.....##.##.##.##.##.#
##.....#...#.#...#.#...


You could see a bullfrog and an orc.

Vanquished Creatures
  An orc warrior (Temple)
  2 ice beasts (D:5)
  2 necrophages
  3 ogres
  2 centaurs
  2 bullfrogs
  2 centaur skeletons (D:4)
  Crazy Yiuf (D:3)
  3 orc priests
  5 orc wizards
  Ijyb (D:3)
  5 iguanas
  9 worker ants
  Robin (D:3)
  3 gnolls (D:2)
  11 adders
  4 river rats (Sewer)
  A shadow imp (D:6)
  An ooze (D:1)
  3 worms
  A dart slug (D:3)
  4 leopard geckos
  23 orcs
  6 ball pythons
  9 giant cockroaches
  9 goblins
  11 hobgoblins
  4 jackals (D:4)
  3 quokkas
  11 bats
  9 frilled lizards
  29 kobolds
  A leopard gecko skeleton (D:3)
  27 rats
209 creatures vanquished.

Vanquished Creatures (others)
  A human (D:2)
1 creature vanquished.

Grand Total: 210 creatures vanquished

Notes
Turn   | Place    | Note
-------+----------+-------------------------------------------
     0 | D:1      | Jerry the Minotaur Fighter began the quest for the Orb.
     0 | D:1      | Reached XP level 1. HP: 19/19 MP: 0/0
   328 | D:1      | Reached XP level 2. HP: 16/27 MP: 1/1
   459 | D:1      | Reached skill level 3 in Maces & Flails
   824 | D:2      | Noticed a centaur
   834 | D:2      | Killed a centaur
   835 | D:2      | Reached skill level 4 in Maces & Flails
   835 | D:2      | Reached XP level 3. HP: 32/34 MP: 2/2
   835 | D:2      | Reached XP level 4. HP: 38/41 MP: 3/3
   974 | D:2      | Found an ancient bone altar of Kikubaaqudgha.
   974 | D:2      | Noticed a human
   977 | D:2      | Killed a human
   990 | D:2      | Reached XP level 5. HP: 44/47 MP: 4/4
  1096 | D:2      | Reached skill level 5 in Maces & Flails
  1460 | D:2      | Reached skill level 5 in Armour
  1467 | D:2      | Reached skill level 5 in Fighting
  1719 | D:2      | Found a shimmering altar of Xom.
  1719 | D:2      | Found an ornate altar of the Wu Jian Council.
  1944 | D:3      | Reached XP level 6. HP: 56/56 MP: 5/5
  1992 | D:3      | Noticed Robin
  2002 | D:3      | Killed Robin
  2083 | D:3      | Found a glowing drain.
  2119 | Sewer    | Entered a sewer
  2407 | Sewer    | Reached skill level 6 in Maces & Flails
  2916 | D:3      | Found a sacrificial altar of Ru.
  2917 | D:3      | Noticed Ijyb
  2933 | D:3      | Killed Ijyb
  3447 | D:3      | Reached XP level 7. HP: 34/62 MP: 6/6
  3802 | D:3      | Found a runed translucent door.
  3803 | D:3      | Noticed Crazy Yiuf
  3811 | D:3      | Killed Crazy Yiuf
  3989 | D:4      | Reached skill level 7 in Maces & Flails
  4332 | D:4      | Found a snail-covered altar of Cheibriados.
  4842 | D:5      | Entered Level 5 of the Dungeon
  4851 | D:5      | Reached skill level 8 in Maces & Flails
  4858 | D:5      | Reached XP level 8. HP: 56/71 MP: 7/7
  5589 | D:5      | Reached skill level 9 in Maces & Flails
  5931 | D:5      | Found a broken altar of Ashenzari.
  6328 | D:6      | Reached skill level 10 in Maces & Flails
  6657 | D:6      | Found a shimmering blue altar of Sif Muna.
  6841 | D:7      | Found a staircase to the Ecumenical Temple.
  6857 | Temple   | Entered the Ecumenical Temple
  6991 | Temple   | Became a worshipper of Gozag Ym Sagoz the Greedy
  7028 | Temple   | HP: 3/111 [bullfrog (5)]
  7029 | Temple   | Slain by an orc

Illustrated notes

Levels and vault maps discovered:
D:1:      dpeg_arrival_snail, layout_basic, minmay_tetromino_l2
D:2:      layout_loops_ring, nicolae_overflow_hidden_temple, minmay_hedge_maze,
          grunt_ministairs_6, tgw_kikubaaqudgha
D:3:      layout_basic, gup_sewer_entry_glass, corexii_shack,
          nicolae_ru_great_annihilating_truth, uniq_robin, uniq_ijyb,
          uniq_crazy_yiuf_cottage
D:4:      layout_cave_pools, lemuel_coloured_pillars_altar
D:5:      layout_loops_cross, general_overflow_altar, nrook_loot_triangle,
          nrook_mini_backslash
D:6:      layout_loops_corners, led_sif_pool, grunt_decor_fettered
D:7:      layout_cave_pools, minmay_temple_entry_junction, serial_shops,
          kennysheep_mini, shop, nicolae_shop_stone, minmay_tree_intersection,
          st_stairs_9, elyvilon_altar_4
Temple:   nicolae_temple_elliptical

Skill      XL: |  1  2  3  4  5  6  7  8 |
---------------+-------------------------+-----
Maces & Flails | 4 5 6 8 10 | 10.1
Fighting       | 4 5 6 7 |  7.9
Armour         | 4 5 6 7 |  7.9
Shields        | |  3.6

Action                   |  1- 3 |  4- 6 |  7- 9 || total
-------------------------+-------+-------+-------++-------
Melee: Flail             |    51 |   243 |    23 ||   317
       Headbutt          |    10 |    31 |    16 ||    57
       Dagger            |       |    25 |       ||    25
       Quarterstaff      |       |       |   176 ||   176
  Use: Scroll            |       |     1 |    16 ||    17
       Potion            |       |       |     1 ||     1
 Stab: Paralysed         |       |     1 |     2 ||     3
       Invisible         |       |     1 |       ||     1
Armor: Scale mail        |    29 |   101 |       ||   130
       Leather armour    |       |    17 |    65 ||    82
Dodge: Dodged            |    31 |   123 |    99 ||   253
Block: Other             |       |    57 |    27 ||    84
       Reflection        |       |     1 |     2 ||     3
